AoeStats
← ilostmyscout

Arabia

510156663Analyzed
1v1 RM · 3d ago on Sep 29, 2026· 72m 25s· 2 players
Game mode
Random Map
Map size
Tiny (2 player)
Population
200
Speed
Normal
Resources
Standard
Victory
Conquest
Starting age
Dark Age
Ending age
Imperial Age
RankedLock teamsTeams togetherTeam positionsShared explorationLock speedFull tech treeHidden civsTurbo modeCheats
Victory
Defeat
🇨🇭 Hindustanis · Switzerland
765
+18
🇪🇸 Mongols · Spain
804
-18
ilostmyscout
0:30 Loom
12:35 Feudal Age
13:56 Wheelbarrow
13:09 Double-Bit Axe
18:02 Castle Age
25:47 Bloodlines
25:29 Pikeman
33:06 Bow Saw
32:47 Horse Collar
33:46 Elite Skirmisher
35:19 Ballistics
35:11 Fortified Wall
35:13 Masonry
38:52 Imperial Age
37:39 Fletching
37:49 Padded Archer Armor
39:01 Thumb Ring
40:15 Conscription
39:58 Grand Trunk Road
41:57 Chemistry
41:19 Hand Cart
41:44 Squires
41:10 Heavy Camel Rider
43:30 Shatagni
44:05 Siege Elephant
46:25 Scale Barding Armor
46:31 Forging
46:22 Scale Mail Armor
46:48 Elite Ghulam
49:13 Imperial Camel Rider
49:54 Husbandry
53:56 Bodkin Arrow
54:16 Leather Archer Armor
55:32 Crossbowman
55:32 Heavy Cavalry Archer
56:15 Bracer
56:45 Ring Archer Armor
56:51 Iron Casting
56:37 Chain Barding Armor
56:26 Gold Mining
56:27 Stone Mining
63:11 Blast Furnace
XsFerA
13:02 Feudal Age
17:58 Bloodlines
20:44 Castle Age
20:00 Double-Bit Axe
22:28 Bow Saw
24:09 Horse Collar
26:51 Gold Mining
27:20 Crossbowman
28:02 Fletching
28:45 Town Watch
30:24 Bodkin Arrow
30:51 Stone Mining
32:54 Heavy Plow
37:23 Gold Shaft Mining
37:56 Padded Archer Armor
39:10 Ballistics
44:40 Imperial Age
44:42 Thumb Ring
44:55 Leather Archer Armor
45:01 Forging
46:22 Stone Shaft Mining
45:15 Capped Ram
45:27 Arbalester
47:45 Drill
48:50 Wheelbarrow
48:04 Loom
51:50 Onager
53:27 Siege Ram
56:47 Chemistry
58:05 Cavalier
58:47 Husbandry
58:53 Husbandry
60:37 Light Cavalry
63:00 Hussar
Connection lost

Rejoining the realm…

Still unreachable

The connection could not be restored.

Session expired

The server has moved on; the page needs a fresh start.